 Dungeon Crawl Stone Soup version 0.30-a0-778-g2ef04afb54 (webtiles) character file.

Game seed: 14575872843560034412

31 Juicyj the Cudgeller (level 3, 0/33 HPs)
             Began as a Meteoran Cinder Acolyte on Feb 15, 2023.
             Was a High Priest of Ignis.
             Slain by a gnoll
             ... wielding a +0 flail
              (4 damage)
             ... on level 2 of the Dungeon.
             The game lasted 00:01:38 (597 turns).

Juicyj the Cudgeller (Meteoran Cinder Acolyte)       Turns: 597, Time: 00:01:38

Health: 0/33       AC:  2    Str: 15    XL:     3   Next: 61%
Magic:  7/7        EV: 11    Int: 15    God:    Ignis [*****.]
Gold:   10         SH:  0    Dex: 12    Spells: 4/6 levels left

rFire   + . .      SeeInvis .    a - -1 mace (flame)
rCold   . . .      Faith    .    (no shield)
rNeg    . . .      Spirit   .    b - +0 robe
rPois   .          Reflect  .    (no helmet)
rElec   .          Harm     .    (no cloak)
rCorr   .          Rampage  .    (no gloves)
Will    .....                    (no boots)
Stlth   +                        (no amulet)
HPRegen 0.25/turn                (no ring)
MPRegen 0.10/turn                (no ring)

@: glowing
A: sense surroundings 1, otherworldly, glowing, explore regen
a: Renounce Religion, Fiery Armour, Foxfire Swarm, Rising Flame


You were on level 2 of the Dungeon.
You worshipped Ignis.
Ignis was extremely pleased with you.
You visited 1 branch of the dungeon, and saw 2 of its levels.

You collected 10 gold pieces.

Inventory:

Hand Weapons
 a - a -1 mace of flaming (weapon)
Armour
 b - a +0 robe (worn)
Scrolls
 d - a scroll of identify {unknown}
 e - a scroll of amnesia {unknown}
Potions
 c - a potion of heal wounds {unknown}


   Skills:
 + Level 3.7 Fighting
 + Level 4.4 Maces & Flails
 + Level 2.1 Spellcasting
 + Level 4.0 Fire Magic


You had 4 spell levels left.
You knew the following spells:

 Your Spells              Type           Power      Damage    Failure   Level
a - Scorch                Fire           26%        2d6       6%          2

Your spell library contained the following spells:

 Spells                   Type           Power      Damage    Failure   Level


Dungeon Overview and Level Annotations

Branches:
Dungeon (2/15) Zot: 591

Altars:


Innate Abilities, Weirdness & Mutations

You passively map a small area around you.
You are easily found by Zot.
You glow in the dark.
You regain HP and MP as you explore.


Message History

There is a stone staircase leading down here.
Really rest while Zot is near?
Okay, then.
Zot has nearly found you.
Suffering is imminent.
Descend or flee this branch!
Unknown command.
You climb downwards.
As you enter the new level, Zot loses track of you.
The gnoll shouts!
The jackal barks! x4
Found a pair of gloves and a dagger.
Found a stone staircase leading down.
There is a stone staircase leading up here.
You closely miss the jackal.
The jackal bites you but does no damage.
You hit the jackal. You burn the jackal.
You kill the jackal!
You hit the jackal. You burn the jackal.
The jackal is almost dead.
The jackal bites you.
A worm comes into view.
You barely miss the jackal.
The jackal is almost dead.
The jackal bites you. x2; The jackal closely misses you.
You hit the jackal. You burn the jackal.
You kill the jackal!
The jackal bites you. The jackal closely misses you.
A quokka comes into view.
The jackal bites you.
The jackal bites you but does no damage.
You hit the gnoll. You burn the gnoll.
The gnoll is lightly wounded.
A gnoll comes into view. It is wielding a +0 club.
The gnoll hits you with a +0 flail! The jackal barely misses you.
The jackal bites you. The gnoll hits you with a +0 flail!
* * * LOW HITPOINT WARNING * * *
The gnoll moves out of view.
You are too injured to fight recklessly!
You are too injured to fight recklessly!
The jackal closely misses you. x2
The jackal bites you but does no damage.
The jackal misses you. The gnoll hits you with a +0 flail.
You die...

* *, , .# * ,
.# ** * , .. .#
, *# .# *
.##.####.####)#
......hh....[..
...r...@.......
,
.##.###g......#
, , *,
#w##.#..# * *
#.#*,# # ,...,
, *#># , , ,...
, < ... * , , *


You could see a worm, a gnoll, a quokka and 2 jackals.

Vanquished Creatures
  2 bats (D:1)
  4 endoplasms (D:1)
  3 giant cockroaches (D:1)
  4 goblins (D:1)
  2 hobgoblins (D:1)
  2 jackals (D:2)
  A quokka (D:1)
  5 ball pythons (D:1)
  3 kobolds (D:1)
  A rat (D:1)
27 creatures vanquished.

Notes
Turn   | Place    | Note
-------+----------+-------------------------------------------
     0 | D:1      | Juicyj the Meteoran Cinder Acolyte began the quest for the
                  | Orb.
     0 | D:1      | Reached XP level 1. HP: 19/19 MP: 3/3
    88 | D:1      | Reached XP level 2. HP: 26/26 MP: 5/5
   117 | D:1      | Learned a level 2 spell: Scorch
   188 | D:1      | Reached XP level 3. HP: 31/31 MP: 2/7
   492 | D:1      | Glimpsed the power of Zot.
   541 | D:1      | Glimpsed the power of Zot.
   580 | D:1      | Glimpsed the power of Zot.
   597 | D:2      | Slain by a gnoll

Illustrated notes

Levels and vault maps discovered:
D:1:      eino_arrival_cavern_d, layout_basic, serial_shops, shop_fountains,
          minmay_misc_feat_tower
D:2:      layout_loops_ring, dk_noncrumbling_3, ebering_dispersal_statue_hall,
          eino_tiny_chamber, minmay_hexomino_p4, uniq_sigmund

Skill      XL: |  1  2  3 |
---------------+----------+-----
Spellcasting   | 2 |  2.1
Fire Magic     | 4 |  4.0
Fighting       | |  3.7
Maces & Flails | |  4.4

Action                     || total
---------------------------++-------
  Melee: Mace              ||    56
   Cast: Scorch            ||     6
 Armour: Robe              ||    13
  Dodge: Dodged            ||    25

Table legend: (Time is in decaauts)
 A = Elapsed time spent in this place.
 B = Non-inter-level travel time spent in this place.
 C = Inter-level travel time spent in this place.
 D = Time resting spent in this place.
 E = Time spent auto-exploring this place.
 F = Levels seen in this place.
 G = Mean time per level.
                   A        B        C        D        E       F      G
               +--------+--------+--------+--------+--------+-----+--------+
         Total |    607 |    593 |     14 |     12 |    415 |   2 |  303.5 |
       Dungeon |    607 |    593 |     14 |     12 |    415 |   2 |  303.5 |
               +--------+--------+--------+--------+--------+-----+--------+

Top non-repeatable levels by time:
     D:1: 599 daAuts
     D:2: 7 daAuts
